 Dungeon Crawl Stone Soup version 0.32-a0-960-g3814254bd7 (webtiles) character file.

Game seed: 2582379717532738358

33 trashops the Covered (level 3, -2/31 HPs)
             Began as a Mountain Dwarf Fighter on Apr 17, 2024.
             Killed from afar by Jessica (12 damage)
             ... with a puff of flame
             ... on level 2 of the Dungeon.
             The game lasted 00:01:09 (1017 turns).

trashops the Covered (Mountain Dwarf Fighter)       Turns: 1017, Time: 00:01:10

Health: -2/31      AC:  7    Str: 20    XL:     3   Next: 12%
Magic:  3/3        EV:  8    Int:  8    God:
Gold:   172        SH:  4    Dex:  9    Spells: 2/2 levels left

rFire   . . .        a - +0 war axe
rCold   . . .        c - +0 buckler
rNeg    . . .        b - +0 scale mail
rPois   .            (no helmet)
rElec   .            (no cloak)
rCorr   .            (no gloves)
SInv    .            (no boots)
Will    .....        (no amulet) Stlth
                     (no ring)
HPRegen 0.25/turn    (no ring)
MPRegen 0.08/turn

%: no passive effects
@: no status effects
A: runic magic, artefact enchanting
a: no special abilities


You were on level 2 of the Dungeon.
You visited 1 branch of the dungeon, and saw 2 of its levels.

You collected 172 gold pieces.

Inventory:

Hand Weapons
 a - a +0 war axe (weapon)
Armour
 b - a +0 scale mail (worn)
 c - a +0 buckler (worn)
Scrolls
 f - 2 scrolls of enchant weapon {unknown}
 g - a scroll of teleportation {unknown}
 i - a scroll of summoning {unknown}
 k - 2 scrolls of identify {unknown}
 m - a scroll of brand weapon {unknown}
Potions
 d - a potion of might
 e - a potion of heal wounds {unknown}
 h - a potion of curing {unknown}
 j - a potion of invisibility {unknown}
 l - a potion of brilliance {unknown}


   Skills:
 * Level 3.6 Fighting
 * Level 3.0 Axes
 * Level 4.0 Armour
 + Level 3.5 Shields


You had 2 spell levels left.
You didn't know any spells.
Your spell library was empty.

Dungeon Overview and Level Annotations

Branches:
Dungeon (2/15)

Altars:

Annotations:
D:2 Jessica


Innate Abilities, Weirdness & Mutations

Your spellcasting is much less encumbered by armour.
You can use scrolls of enchantment on lesser artefacts.


Message History

You open the door.
There is an open door here.
You open the door.
There is an open door here.
A frilled lizard comes into view.
The frilled lizard hisses angrily.
You hear a shout!
Jessica the Apprentice Sorceress comes into view.
She is wielding a +0 club and carrying a wand of flame.
The frilled lizard bites you but does no damage.
You closely miss the frilled lizard.
The frilled lizard bites you but does no damage.
You closely miss the frilled lizard. You block the frilled lizard's attack.
You miss the frilled lizard.
The frilled lizard bites you but does no damage. x2
You miss the frilled lizard. The frilled lizard bites you.
You hit the frilled lizard but do no damage.
The frilled lizard completely misses you.
The frilled lizard barely misses you.
You closely miss the frilled lizard.
Jessica casts a spell.
Jessica seems to speed up.
The frilled lizard bites you but does no damage.
You hit the frilled lizard.
You kill the frilled lizard!
Jessica gestures wildly while chanting.
Jessica blinks!
Jessica zaps a wand.
The puff of flame hits you!
You see here a frilled lizard corpse.
Jessica zaps a wand.
The puff of flame hits you but does no damage.
Jessica gestures at you while chanting. You resist with some effort.
Jessica hits you with a +0 club.
You see here a frilled lizard corpse.
You barely miss Jessica. Jessica hits you with a +0 club.
Jessica closely misses you.
You hit Jessica but do no damage.
Jessica zaps a wand.
The puff of flame hits you! Jessica hits you but does no damage.
You hit Jessica but do no damage. Jessica hits you but does no damage.
Jessica zaps a wand.
The puff of flame hits you!
You die...

#.# #.# #.#
#.# #.# #.#
#.#
############.#
#......@@....#
#.############
#### #... #.##
#... #.## ###


You could see Jessica (fast).

Vanquished Creatures
  4 dart slugs
  An endoplasm (D:1)
  3 hobgoblins (D:1)
  2 jackals (D:1)
  A quokka (D:2)
  A bat (D:1)
  A frilled lizard (D:2)
  6 goblins
  3 kobolds
  3 rats
25 creatures vanquished.

Notes
Turn   | Place    | Note
-------+----------+-------------------------------------------
     0 | D:1      | trashops the Mountain Dwarf Fighter began the quest for the
                  | Orb.
     0 | D:1      | Reached XP level 1. HP: 19/19 MP: 1/1
   295 | D:1      | Reached XP level 2. HP: 21/26 MP: 2/2
   870 | D:2      | Reached XP level 3. HP: 31/31 MP: 3/3
   942 | D:2      | Reached skill level 4 in Armour
   999 | D:2      | Noticed Jessica
  1017 | D:2      | Killed from afar by Jessica

Illustrated notes

Levels and vault maps discovered:
D:1:      sevenhm_arrival_forest_fort_large_3, layout_basic
D:2:      layout_basic, basic_altar, uniq_jessica

Skill      XL: |  1  2  3 |
---------------+----------+-----
Axes           | 3 |  3.0
Armour         | 4 |  4.0
Fighting       | |  3.6
Shields        | |  3.5

Action                     || total
---------------------------++-------
  Melee: War axe           ||    62
 Armour: Scale mail        ||    52
  Dodge: Dodged            ||    25
  Block: Buckler           ||     7

Table legend: (Time is in decaauts)
 A = Elapsed time spent in this place.
 B = Non-inter-level travel time spent in this place.
 C = Inter-level travel time spent in this place.
 D = Time resting spent in this place.
 E = Time spent auto-exploring this place.
 F = Levels seen in this place.
 G = Mean time per level.
                   A        B        C        D        E       F      G
               +--------+--------+--------+--------+--------+-----+--------+
         Total |   1041 |    992 |     49 |      0 |    810 |   2 |  520.5 |
       Dungeon |   1041 |    992 |     49 |      0 |    810 |   2 |  520.5 |
               +--------+--------+--------+--------+--------+-----+--------+

Top non-repeatable levels by time:
     D:1: 817 daAuts
     D:2: 224 daAuts
